 Dungeon Crawl Stone Soup version 0.17.1-1-g73c8601 (webtiles) character file.

485 yush the Chopper (level 7, -2/60 HPs)
             Began as a Hill Orc Fighter on Feb 13, 2016.
             Slain by a worker ant zombie (3 damage)
             ... on level 5 of the Dungeon.
             The game lasted 00:18:02 (4537 turns).

yush the Chopper (Hill Orc Fighter)                 Turns: 4537, Time: 00:18:02

Health: -2/60      AC:  9    Str: 21    XL:     7   Next: 13%
Magic:  7/7        EV:  7    Int:  8    God:
Gold:   215        SH:  0    Dex: 10    Spells: 0 memorised, 6 levels left

rFire  . . .     SeeInvis .     a - +1 war axe
rCold  . . .     Clarity  .     b - +1 scale mail
rNeg   . . .     SustAt   .     c - +0 shield
rPois  .         Gourm    .     h - +0 helmet
rElec  .         Spirit   .     (no cloak)
rCorr  .         Warding  .     (no gloves)
rMut   .         Stasis   +     (no boots)
MR     .....                    w - amulet of stasis
Stlth  ..........               (no ring)
                                (no ring)

@: confused, not resistant to hostile enchantments, extremely unstealthy
A: no striking features
a: no special abilities


You were on level 5 of the Dungeon.
You were not hungry.

You visited 1 branch of the dungeon, and saw 5 of its levels.

You collected 215 gold pieces.

Inventory:

Hand Weapons
 a - a +1 war axe (weapon)
Missiles
 j - 21 poisoned needles
Armour
 b - a +1 scale mail (worn)
 c - a +0 shield (worn)
 h - a +0 helmet (worn)
 q - a +0 ring mail
 r - a +0 pair of boots
Jewellery
 i - an uncursed amulet of the gourmand
 w - an amulet of stasis (around neck)
Scrolls
 g - 5 scrolls of identify
 l - 2 scrolls of remove curse
 s - a scroll of enchant armour
 v - a scroll of teleportation
Potions
 d - 2 potions of might
 f - 4 potions of curing {unknown}
 k - 2 potions of flight {unknown}
 m - 3 potions of haste {unknown}
 n - a potion of brilliance {w, unknown}
 p - a potion of heal wounds {unknown}
 t - a potion of agility {unknown}
 u - a potion of mutation {unknown}
 x - a potion of magic {unknown}
Comestibles
 e - 2 bread rations
 o - a beef jerky


   Skills:
 + Level 4.7 Fighting
 * Level 6.2 Axes
 + Level 5.1 Armour
 + Level 5.2 Shields


You had 6 spell levels left.
You didn't know any spells.

Dungeon Overview and Level Annotations

Branches:
Dungeon (5/15)
 Temple: D:4-7

Altars:
Ashenzari
Kikubaaqudgha

Annotations:
D:5 ck1fx's ghost, novice DsVM


Message History

Ck1fx's ghost shouts, "Do you think the gods will protect you?"
Ck1fx's ghost casts a spell at you.
The ball explodes into a vile cloud!
The stinking cloud engulfs you!
The stinking cloud engulfs ck1fx's ghost.
The stinking cloud engulfs the worker ant zombie.
The worker ant zombie closely misses you.
You hit the worker ant zombie.
Your shield and scale mail prevent you from hitting ck1fx's ghost.
You are engulfed in noxious fumes.
You choke on the stench!
You are more confused.
Ck1fx's ghost hits you but does no damage.
You are electrocuted!
* * * LOW HITPOINT WARNING * * *
The worker ant zombie bites you.
* * * LOW HITPOINT WARNING * * *
You are engulfed in noxious fumes.
You choke on the stench!
You are more confused.
* * * LOW HITPOINT WARNING * * *
The worker ant zombie bites you.
You die...

.....#...######
.....##..#....#
.....###......#####
.............=.....
.......#.......#
#..........=...#
..####..##....§###
.....##......h§WZ###.###
.### ....#.....#@......#
## ###.#...........#..
......###.....# ##
.......# ......# ..
......... ........
#####.....#######.......
......###. ..##...
...... . ... #.. .<.##.
...#


You could see ck1fx's ghost, a worker ant zombie and a jackal.

Vanquished Creatures
  A phantom (D:5)
  The ghost of shoobs the Insei, a weakling DsMo (D:3)
  3 crimson imps
  2 iguanas (D:4)
  A hound (D:5)
  An orc wizard (D:4)
  A worker ant (D:4)
  2 adders
  4 gnolls (D:5)
  An ooze (D:3)
  A giant gecko (D:3)
  5 orcs
  4 bats
  4 giant cockroaches
  4 goblins
  2 hobgoblins
  10 jackals
  2 quokkas (D:2)
  A ball python (D:2)
  A giant newt (D:3)
  2 kobolds
  5 rats
  A plant (D:2)
59 creatures vanquished.

Notes
Turn   | Place    | Note
--------------------------------------------------------------
     0 | D:1      | yush the Hill Orc Fighter began the quest for the Orb.
     0 | D:1      | Reached XP level 1. HP: 19/19 MP: 1/1
   427 | D:1      | Reached XP level 2. HP: 27/27 MP: 2/2
  1032 | D:2      | Reached XP level 3. HP: 33/33 MP: 3/3
  2431 | D:3      | Noticed shoobs's ghost (weakling DsMo)
  2460 | D:3      | Killed shoobs's ghost
  2460 | D:3      | Reached skill level 4 in Axes
  2460 | D:3      | Reached XP level 4. HP: 32/40 MP: 4/4
  2536 | D:3      | Found a shattered altar of Ashenzari.
  2704 | D:3      | Found an ancient bone altar of Kikubaaqudgha.
  2815 | D:4      | Reached XP level 5. HP: 42/46 MP: 5/5
  3390 | D:4      | Reached skill level 5 in Axes
  3395 | D:4      | Reached XP level 6. HP: 46/52 MP: 6/6
  4021 | D:5      | Entered Level 5 of the Dungeon
  4113 | D:5      | Reached skill level 6 in Axes
  4113 | D:5      | Reached skill level 5 in Shields
  4482 | D:5      | Reached skill level 5 in Armour
  4522 | D:5      | Reached XP level 7. HP: 57/60 MP: 7/7
  4523 | D:5      | Noticed ck1fx's ghost (novice DsVM)
  4536 | D:5      | HP: 3/60 [worker ant zombie (3)]
  4537 | D:5      | HP: 1/60 [something] (2)]
  4537 | D:5      | Slain by a worker ant zombie

Action                   |  1- 3 |  4- 6 |  7- 9 || total
-------------------------+-------+-------+-------++-------
Melee: War axe           |   144 |   171 |    10 ||   325
  Use: Scroll            |     4 |     5 |       ||     9
  Eat: Bread ration      |     1 |     2 |       ||     3
